 Dungeon Crawl Stone Soup version 0.29.1-1-gd02db6906a (webtiles) character file.

Game seed: 1055487969924045975

49 jamesp the Conjurer (level 3, -3/39 HPs)
             Began as a Draconian Conjurer on Sept 27, 2022.
             Slain by Sigmund
             ... wielding a +0 scythe
              (6 damage)
             ... on level 2 of the Dungeon.
             The game lasted 00:07:19 (2059 turns).

jamesp the Conjurer (Draconian Conjurer)            Turns: 2059, Time: 00:07:20

Health: -3/39      AC:  5    Str:  9    XL:     3   Next: 51%
Magic:  5/6        EV: 12    Int: 20    God:
Gold:   36         SH:  0    Dex:  9    Spells: 4/7 levels left

rFire   . . .      SeeInvis .   f - staff of conjuration
rCold   . . .      Faith    .   (no shield)
rNeg    . . .      Spirit   .   (body armour unavailable)
rPois   .          Reflect  .   (helmet restricted)
rElec   .          Harm     .   (no cloak)
rCorr   .          Rampage  .   (no gloves)
Will    .....                   (no boots)
Stlth   ..........              (no amulet)
HPRegen 0.13/turn               (no ring)
MPRegen 0.10/turn               (no ring)

@: berserking, very quick
A: AC +5, unfitting armour, cold-blooded
a: no special abilities


You were on level 2 of the Dungeon.
You visited 1 branch of the dungeon, and saw 2 of its levels.

You collected 36 gold pieces.

Inventory:

Hand Weapons
 d - a +0 whip
Missiles
 b - 31 stones
Armour
 e - a +0 buckler
Magical Staves
 f - a staff of conjuration (weapon)
Scrolls
 c - 3 scrolls of identify {unknown}
Potions
 a - a potion of magic
 g - a potion of berserk rage
 h - 2 potions of flight {unknown}


   Skills:
 + Level 0.7 Staves
 + Level 2.4 Dodging
 - Level 1.7 Stealth
 + Level 2.5 Spellcasting
 + Level 4.4 Conjurations


You had 4 spell levels left.
You knew the following spells:

 Your Spells              Type           Power      Damage    Failure   Level
a - Magic Dart            Conj           100%       1d8       2%          1
b - Searing Ray           Conj           60%        2d6       3%          2

Your spell library contained the following spells:

 Spells                   Type           Power      Damage    Failure   Level
 Dazzling Flash           Conj/Hex       34%        N/A       19%         3
 Blink                    Tloc           4%         N/A       22%         2
 Sublimation of Blood     Necr           2%         N/A       22%         2
 Wereblood                Tmut           2%         N/A       22%         2
 Lesser Beckoning         Tloc           2%         N/A       41%         3
 Fulminant Prism          Conj/Hex       8%         3d7       52%         4
 Iskenderun's Mystic Bla  Conj/Tloc      17%        2d5       52%         4
 Manifold Assault         Tloc           2%         N/A       99%         5
 Summon Hydra             Summ           1%         N/A       100%        7


Dungeon Overview and Level Annotations

Branches:
Dungeon (2/15)

Altars:

Annotations:
D:2 Sigmund


Innate Abilities, Weirdness & Mutations

Your plain brown scales are hard. (AC +5)
You cannot fit into any form of body armour.
You are cold-blooded and may be slowed by cold attacks.


Message History

Press: ? - help, Q - select action, (/) - cycle Shift-Dir - straight line You feel a surge of power!
The magic dart hits something.
Casting: Magic Dart (safe; 2% risk of failure)
Confirm with . or Enter, or press ? or * to list all spells.
You can't see any susceptible monsters within range! (Use Z to cast anyway.) Unknown command.
A puff of flame appears from out of thin air!
The puff of flame hits you.
Something tries to affect you, but you resist.
Sigmund appears from thin air!
Reactivating autopickup.
Sigmund points at you and mumbles some strange words.
You are confused.
You bump into the rock wall.
You bump into the rock wall.
You see here a frilled lizard corpse.
You're too confused to move!
You're too confused to move!
You feel less confused.
Sigmund laughs darkly.
Aiming: Magic Dart (safe; 2% risk of failure)
Press: ? - help, Q - select action, (/) - cycle Shift-Dir - straight line You feel a surge of power!
Sigmund gestures wildly while chanting.
Sigmund flickers and vanishes!
Deactivating autopickup; reactivate with Ctrl-A.
Something hits you but does no damage. Something hits you!
You closely miss something. You hit something but do no damage.
Something hits you.
You miss something. Something hits you.
* * * LOW HITPOINT WARNING * * *
It was a potion of berserk rage.
A red film seems to cover your vision as you go berserk!
You feel yourself moving faster!
You feel mighty!
You closely miss something. Something hits you.
* * * LOW HITPOINT WARNING * * *
You are too berserk!
You closely miss something. Something hits you.
You die...

.........#######.#
#.#####...# #.# #.
#.....# #.### #.
#.....# #.{..
#)###..8..###
#####
#.#.........# #
#.#†#.....#.# #.
#.†{##...##.#
####.#####@###.##
# ........##.###.#
###
#......†......#
..#
#.####.##.#####
#.# .## #.##.# #.#
..# #.##.# ###.##
#.# #.##.# #.>.@.
#.# #.##..
......#.##
#.###.###.####
##### #.#


There were no monsters in sight!

Vanquished Creatures
  A dart slug (D:2)
  5 ball pythons (D:1)
  3 bats (D:1)
  A bat skeleton (D:2)
  3 endoplasms (D:1)
  3 giant cockroaches
  3 goblins
  5 hobgoblins
  A quokka (D:1)
  4 frilled lizards
  A jackal skeleton (D:2)
  A jackal zombie (D:2)
  7 kobolds
  A quokka skeleton (D:2)
  7 rats (D:1)
46 creatures vanquished.

Notes
Turn   | Place    | Note
-------+----------+-------------------------------------------
     0 | D:1      | jamesp the Draconian Conjurer began the quest for the Orb.
     0 | D:1      | Reached XP level 1. HP: 14/14 MP: 3/3
   315 | D:1      | Reached XP level 2. HP: 20/20 MP: 3/5
  1016 | D:1      | Reached XP level 3. HP: 26/26 MP: 4/6
  1701 | D:2      | Learned a level 2 spell: Searing Ray
  1998 | D:2      | Noticed Sigmund
  2059 | D:2      | Slain by Sigmund

Illustrated notes

Levels and vault maps discovered:
D:1:      lemuel_arrival_tunnels, layout_basic, minmay_heptomino_h4
D:2:      layout_loops_ring, serial_shops, nicolae_lakefront_shop,
          serial_undead, serial_undead_f, serial_undead_b, serial_undead_e,
          serial_undead_d, serial_undead_d, minmay_strange_pillars, hex_tiny,
          uniq_sigmund

Skill      XL: |  1 |
---------------+----+-----
Dodging        | 2 |  2.4
Staves         | |  0.7
Stealth        | |  1.7
Spellcasting   | |  2.5
Conjurations   | |  4.4

Action                   || total
-------------------------++-------
Melee: Whip              ||    15
       Tailslap          ||     3
       Staff             ||    26
 Cast: Magic Dart        ||    84
  Use: Potion            ||     1
Armor: Skin              ||    20
Dodge: Dodged            ||    26
